 Dungeon Crawl Stone Soup version 0.31.0-11-ge490571c62 (webtiles) character file.

Game seed: 17613388857713998948

13997 olmar the Geomancer (level 11, 0/78 HPs)
             Began as a Demigod Earth Elementalist on Jan 28, 2024.
             Constricted to death by a tentacled monstrosity (8 damage)
             ... on level 1 of the Abyss.
             The game lasted 00:23:58 (14927 turns).

olmar the Geomancer (Demigod Earth Elementalist)   Turns: 14927, Time: 00:23:59

Health: 0/78       AC:  4    Str:  5    XL:     11   Next: 53%
Magic:  17/38      EV: 14    Int: 29    God:
Gold:   453        SH:  0    Dex: 14    Spells: 15/30 levels left

rFire   . . .        F - +1 whip "Sarcophage" {holy, rCorr SInv}
rCold   . . .        (no shield)
rNeg    . . .        Y - +0 troll leather armour
rPois   .            (no helmet)
rElec   .            (no cloak)
rCorr   +            J - +0 pair of gloves
SInv    +            x - +1 pair of boots
Will    +....        H - amulet of regeneration
Stlth   ++           q - +5 ring of evasion
HPRegen 1.93/turn    T - ring of magical power
MPRegen 0.26/turn

%: no passive effects
@: constricted
A: high MP 1, forlorn, divine attributes, [deformed body], [screaming 2],
([teleportitis 2]), [weak 2]
a: no special abilities


You were on level 1 of the Abyss.
You visited 1 branch of the dungeon, and saw 11 of its levels.
You visited the Abyss 1 time.
You also visited: Ossuary.

You collected 713 gold pieces.
You spent 260 gold pieces at shops.

Inventory:

Hand Weapons
 w - a +1 whip of freezing
 F - the +1 whip "Sarcophage" (weapon) {holy, rCorr SInv}
   (You found it on level 5 of the Dungeon)

   SInv:      It lets you see invisible.
   rCorr:     It protects you from acid and corrosion.
Missiles
 j - 18 boomerangs
 m - 29 poisoned darts
 N - 6 curare-tipped darts
 V - 2 throwing nets
Armour
 b - a +1 scale mail of cold resistance
 g - an orb of wrath
 v - a +2 robe of cold resistance
 x - a +1 pair of boots (worn)
 J - a +0 pair of gloves (worn)
 U - +0 steam dragon scales
 Y - a +0 troll leather armour (worn)
Jewellery
 q - a +5 ring of evasion (left hand)
 H - an amulet of regeneration (around neck)
 M - a ring of resist corrosion
 T - a ring of magical power (right hand)
Wands
 p - a wand of quicksilver (12)
 u - a wand of roots (6)
 P - a wand of polymorph (10)
 R - a wand of charming (18)
 Z - a wand of mindburst (3)
Scrolls
 a - a scroll of torment {unknown}
 c - 2 scrolls of immolation
 k - a scroll of enchant weapon {unknown}
 l - 3 scrolls of vulnerability
 n - 2 scrolls of butterflies {unknown}
 r - 3 scrolls of teleportation
 s - a scroll of revelation {unknown}
 t - 6 scrolls of poison
 y - 7 scrolls of noise
 C - 3 scrolls of fog
 E - a scroll of enchant armour {unknown}
 K - a scroll of fear {unknown}
 Q - 2 scrolls of brand weapon {unknown}
 S - a scroll of silence {unknown}
 W - a scroll of blinking {unknown}
 X - 2 scrolls of identify
Potions
 e - 4 potions of might
 f - a potion of mutation
 h - a potion of ambrosia
 i - 4 potions of heal wounds
 o - 6 potions of curing
 z - 4 potions of enlightenment
 A - 3 potions of brilliance
 B - 2 potions of resistance
 D - a potion of berserk rage
 G - a potion of lignification {unknown}
 I - 2 potions of attraction {unknown}
 L - 2 potions of haste
 O - a potion of cancellation


   Skills:
 + Level 1.4 Fighting
 - Level 0.5 Maces & Flails
 + Level 1.4 Armour
 + Level 4.5 Dodging
 + Level 4.0 Stealth
 + Level 10.3 Spellcasting
 + Level 7.5 Conjurations
 + Level 10.4 Earth Magic
 + Level 0.4 Alchemy
 - Level 0.4 Evocations


You had 15 spell levels left.
You knew the following spells:

 Your Spells              Type           Power      Damage    Failure   Level
a - Sandblast             Erth           100%       2d20      1%          1
b - Passwall              Erth           66%        N/A       1%          3
c - Stone Arrow           Conj/Erth      100%       3d13      1%          3
d - Brom's Barrelling Bo  Conj/Erth      61%        2d8       1%          4
e - Petrify               Alch/Erth      46%        N/A       6%          4

Your spell library contained the following spells:

 Spells                   Type           Power      Damage    Failure   Level
 Magic Dart               Conj           100%       1d8       1%          1
 Searing Ray              Conj           100%       2d8       1%          2
 Apportation              Tloc           28%        N/A       6%          1
 Summon Small Mammal      Summ           56%        N/A       6%          1
 Jinxbite                 Hex            28%        N/A       9%          2
 Fulminant Prism          Conj/Alch      19%        3d10      12%         4
 Call Canine Familiar     Summ           14%        N/A       19%         3
 Animate Dead             Necr           14%        N/A       52%         4
 Summon Blazeheart Golem  Fire/Summ      14%        N/A       52%         4
 Alistair's Intoxication  Alch           11%        N/A       80%         5
 Yara's Violent Unravell  Hex/Alch       8%         3d5       83%         5
 Enfeeble                 Hex            7%         N/A       100%        7
 Haunt                    Necr/Summ      7%         N/A       100%        7
 Infestation              Necr           7%         N/A       100%        8


Dungeon Overview and Level Annotations

Branches:
Dungeon (12/15)            Temple (0/1) D:5            Lair (0/5) D:9
Ossuary (visited)
    Orc: D:9-12

Shops:
D:5 !

Annotations:
D:3 3 runed translucent doors, Skitler's ghost, amateur GnGl; Terence; gelatine's ghost, amateur TrSh; trckry's ghost, amateur GrEE
D:12 Erolcha


Innate Abilities, Weirdness & Mutations

You have an increased reservoir of magic. (+10% MP)
You shall have no god before yourself.
Your divine heritage dramatically boosts your attributes as you level up.
[Armour fits poorly on your strangely shaped body.]
[You frequently scream uncontrollably at your foes.]
[((You are often teleported next to monsters.))]
[You are very weak. (Str -4)]


Message History

The tentacled monstrosity tentacle-slaps you!
The tentacled monstrosity constricts you.
Unknown command.
Unknown command.
You are too injured to fight recklessly!
Unknown command.
Aiming: Stone Arrow (safe; 1% risk of failure)
Press: ? - help, Q - select action, (/) - cycle Shift-Dir - straight line, f/p - tentacled monstrosity
Aim: a tentacled monstrosity (severely wounded, constricting you, 92% to hit)
The stone arrow hits the tentacled monstrosity!
The tentacled monstrosity is severely wounded.
The tentacled monstrosity tentacle-slaps you!
The tentacled monstrosity barely misses you.
The tentacled monstrosity tentacle-slaps you!
* * * LOW HITPOINT WARNING * * *
The tentacled monstrosity constricts you.
* * * LOW HITPOINT WARNING * * *
Aiming: Stone Arrow (safe; 1% risk of failure)
Press: ? - help, Q - select action, (/) - cycle Shift-Dir - straight line, f/p - tentacled monstrosity
Aim: a tentacled monstrosity (severely wounded, constricting you, 92% to hit)
Okay, then.
You feel much better.
The tentacled monstrosity tentacle-slaps you but does no damage.
The tentacled monstrosity tentacle-slaps you.
The tentacled monstrosity tentacle-slaps you!
The tentacled monstrosity constricts you!
* * * LOW HITPOINT WARNING * * *
Aiming: Stone Arrow (safe; 1% risk of failure)
Press: ? - help, Q - select action, (/) - cycle Shift-Dir - straight line, f/p - tentacled monstrosity
Aim: a tentacled monstrosity (severely wounded, constricting you, 92% to hit)
The stone arrow hits the tentacled monstrosity!!
The tentacled monstrosity is almost dead.
The tentacled monstrosity tentacle-slaps you.
* * * LOW HITPOINT WARNING * * *
The tentacled monstrosity tentacle-slaps you!
* * * LOW HITPOINT WARNING * * *
The tentacled monstrosity tentacle-slaps you.
* * * LOW HITPOINT WARNING * * *
The tentacled monstrosity constricts you!
You die...

## # # .. .### ## .
. ### #.. #
######.###.#.#
####.#............#
#..... ..###@X.##
###.. .# #.....# #
#.... .......#....
#
##.##.#........###.
. .##§# ..####....#
. .. .#..# #.##...
#. ...#§ #.# #... .
## #. .#. .#. . #.#
#. #


You could see a tentacled monstrosity.

Vanquished Creatures
  Josephine (D:12)
  A thrashing horror (Abyss:1)
  A wretched star (Abyss:1)
  Pikel (D:4)
  4 cyclopes
  A smoke demon (Abyss:1)
  A troll (D:9)
  A hornet (D:9)
  A slime creature (D:7)
  A vampire (D:9)
  A wyvern (D:10)
  5 yaks (D:8)
  Grum (D:8)
  6 wraiths
  An unseen horror simulacrum (D:8)
  2 steam dragons
  Menkaure (D:5)
  A water moccasin (D:7)
  2 ice beasts (D:7)
  2 orc warriors
  3 sky beasts
  2 black bears
  2 ogres (D:5)
  8 wolves
  3 lemures (D:4)
  8 centaurs
  A phantom (D:7)
  5 kobold brigands
  6 bullfrogs
  A gnoll sergeant (D:7)
  2 scorpions
  2 burial acolytes (Ossuary)
  5 wights (D:9)
  12 killer bees
  5 howler monkeys
  9 electric eels
  A bombardier beetle (D:7)
  2 centaur zombies (Ossuary)
  A wyvern simulacrum (D:8)
  7 orc priests
  5 hounds
  2 jellies
  5 starcursed masses (Abyss:1)
  5 gnoll boudas
  4 sleepcaps
  11 orc wizards
  4 iguanas (D:6)
  3 mummies (Ossuary)
  26 gnolls
  6 adders
  3 shadow imps
  6 white imps
  2 ufetubi (D:5)
  3 ribbon worms
  4 dart slugs
  34 orcs
  6 ball pythons (D:4)
  8 endoplasms
  8 giant cockroaches
  6 goblins
  8 hobgoblins
  3 quokkas
  4 bats
  5 frilled lizards
  3 gnoll zombies (Ossuary)
  20 kobolds
  A kobold zombie (Ossuary)
  2 orc zombies (Ossuary)
  4 rats
321 creatures vanquished.

Vanquished Creatures (others)
  A white imp (D:8)
1 creature vanquished.

Grand Total: 322 creatures vanquished

Notes
Turn   | Place    | Note
-------+----------+-------------------------------------------
     0 | D:1      | olmar the Demigod Earth Elementalist began the quest for
                  | the Orb.
     0 | D:1      | Reached XP level 1. HP: 14/14 MP: 5/5
   446 | D:1      | Reached XP level 2. HP: 20/20 MP: 5/7
   937 | D:2      | Reached XP level 3. HP: 26/26 MP: 5/9
  1007 | D:2      | Learned a level 3 spell: Passwall
  1250 | D:2      | Learned a level 3 spell: Stone Arrow
  1280 | D:2      | Reached XP level 4. HP: 33/33 MP: 8/10
  2018 | D:3      | Noticed Terence
  2101 | D:3      | Found a runed translucent gate.
  2101 | D:3      | Found a runed translucent gate.
  2101 | D:3      | Found a runed translucent gate.
  2101 | D:3      | Noticed trckry's ghost (amateur GrEE)
  2102 | D:3      | Noticed gelatine's ghost (amateur TrSh)
  2102 | D:3      | Noticed Skitler's ghost (amateur GnGl)
  2420 | D:4      | Reached XP level 5. HP: 38/38 MP: 8/13
  2475 | D:4      | Noticed Pikel
  2774 | D:4      | Learned a level 4 spell: Brom's Barrelling Boulder
  2846 | D:4      | Killed Pikel
  2847 | D:4      | Reached skill level 1 in Conjurations
  2847 | D:4      | Reached skill level 5 in Earth Magic
  2847 | D:4      | Reached XP level 6. HP: 22/46 MP: 2/16
  2847 | D:4      | Reached XP level 7. HP: 24/51 MP: 2/17
  2865 | D:4      | Learned a level 4 spell: Petrify
  3151 | D:4      | Reached skill level 5 in Spellcasting
  3546 | D:5      | Entered Level 5 of the Dungeon
  3598 | D:5      | Found Ming's Distillery.
  3606 | D:5      | Bought 2 potions of curing for 60 gold pieces
  3606 | D:5      | Bought a potion of brilliance for 40 gold pieces
  3606 | D:5      | Bought a potion of ambrosia for 80 gold pieces
  3606 | D:5      | Bought a potion of heal wounds for 50 gold pieces
  3606 | D:5      | Bought a potion of curing for 30 gold pieces
  3674 | D:5      | Found a sand-covered staircase.
  3674 | D:5      | Noticed Menkaure
  3703 | Ossuary  | Entered an ossuary
  4634 | Ossuary  | Reached XP level 8. HP: 55/58 MP: 7/20
  4960 | D:5      | Found a staircase to the Ecumenical Temple.
  5263 | D:5      | Identified the +1 whip "Sarcophage" {holy, rCorr SInv}
  5285 | D:5      | Killed Menkaure
  6841 | D:6      | Noticed a two-headed ogre
  7830 | D:7      | Reached skill level 1 in Fighting
  8014 | D:7      | Reached XP level 9. HP: 62/64 MP: 16/23
  9004 | D:7      | Noticed a cyclops
  9006 | D:7      | Noticed a cyclops
  9007 | D:7      | Killed a cyclops
  9010 | D:7      | Noticed a cyclops
  9060 | D:7      | Killed a cyclops
  9133 | D:7      | Killed a cyclops
  9134 | D:7      | Reached skill level 5 in Conjurations
  9322 | D:7      | Reached XP level 10. HP: 71/71 MP: 13/26
  9974 | D:8      | Noticed Grum
 10100 | D:8      | Killed Grum
 12879 | D:9      | Found a staircase to the Lair.
 12885 | D:9      | Reached XP level 11. HP: 70/77 MP: 22/28
 13703 | D:10     | Entered Level 10 of the Dungeon
 14103 | D:10     | You fall into a shaft and drop 2 floors!
 14131 | D:12     | Reached skill level 10 in Earth Magic
 14202 | D:12     | Noticed Josephine
 14212 | D:12     | Killed Josephine
 14253 | D:12     | Reached skill level 10 in Spellcasting
 14563 | D:12     | Noticed Erolcha
 14565 | Abyss:1  | Cast into level 1 of the Abyss (Erolcha)
 14586 | Abyss:1  | Noticed a starcursed mass
 14600 | Abyss:1  | Killed a starcursed mass
 14674 | Abyss:1  | Noticed a wretched star
 14674 | Abyss:1  | Noticed a wretched star
 14815 | Abyss:1  | Noticed a thrashing horror
 14821 | Abyss:1  | Killed a thrashing horror
 14822 | Abyss:1  | Reached skill level 1 in Armour
 14822 | Abyss:1  | Noticed a wretched star
 14826 | Abyss:1  | Killed a wretched star
 14918 | Abyss:1  | Noticed a tentacled monstrosity
 14927 | Abyss:1  | Constricted to death by a tentacled monstrosity

Illustrated notes

Levels and vault maps discovered:
D:1:      nicolae_arrival_memento_mori, layout_rooms, minmay_pentomino_o2
D:2:      layout_rooms, chequers_ecumenical_altar_grove, st_stairs_8
D:3:      layout_rooms, gammafunk_ghost_cemetery, nicolae_elevator_lobby_plus,
          uniq_terence
D:4:      layout_basic, minmay_gold_behind_fungi, dk_vineyard_3, minivault_23,
          minivault_19, grunt_ministairs_13, uniq_pikel
D:5:      nicolae_cairo_tiling_very_big, layout_basic,
          minmay_temple_entry_statues_fountains, serial_demonic,
          serial_demonic_g, serial_demonic_d, serial_demonic_e,
          serial_demonic_a, serial_shops, nicolae_shop_hallway_plus,
          nicolae_ossuary_entry_false_entrances, uniq_menkaure
D:6:      layout_loops_corners, lightli_corner_chamber
D:7:      nzn_winding_woodlands_cross [nzn_winding_woodlands_5x15_cabin,
          nzn_winding_woodlands_5x15_lazy_stream,
          nzn_winding_woodlands_5x15_pathside_ponds,
          nzn_winding_woodlands_5x15_pool,
          nzn_winding_woodlands_15x15_thick_spiral], layout_basic,
          kennysheep_little_box, chequers_jeans
D:8:      layout_loops_ring, serial_ice, serial_ice_a, serial_ice_k,
          serial_ice_m, serial_ice_c, reono_crystal_passage, uniq_grum
D:9:      layout_gridville, nicolae_wu_jian_wuxing_cycle, erik_lair_island,
          hive_lemuel
D:10:     layout_irregular_city, david_orc_1_choice,
          einodemon_armed_red_devil_minivault
D:12:     layout_roguey, uniq_josephine, uniq_erolcha
Abyss:1:  base:
D:3

Skill      XL: |  1  2  3  4  5  6  7  8  9 10 11 |
---------------+----------------------------------+-----
Spellcasting   | 2 3 4 5 6 8 9 10 | 10.3
Earth Magic    | 3 4 5 6 7 8 9 10 | 10.4
Stealth        | 2 3 4 |  4.0
Dodging        | 2 3 4 |  4.5
Conjurations   | 1 3 5 6 7 |  7.5
Fighting       | 1 |  1.4
Armour         | 1 |  1.4
Maces & Flails | |  0.5
Alchemy        | |  0.4
Evocations     | |  0.4

Action                     |  1- 3 |  4- 6 |  7- 9 | 10-12 || total
---------------------------+-------+-------+-------+-------++-------
  Melee: Unarmed           |     8 |       |       |       ||     8
         Short sword       |     2 |     1 |       |       ||     3
         Whip              |       |       |    41 |    32 ||    73
         Punch             |       |       |     1 |     2 ||     3
   Cast: Sandblast         |    58 |    62 |    52 |    26 ||   198
         Passwall          |       |     1 |       |       ||     1
         Stone Arrow       |       |     2 |   149 |   235 ||   386
         Petrify           |       |       |     3 |       ||     3
  Evoke: Wand              |       |     3 |    12 |     5 ||    20
    Use: Potion            |       |     1 |     5 |     1 ||     7
         Scroll            |       |       |     7 |     4 ||    11
 Armour: Robe              |    21 |    17 |    60 |    66 ||   164
         Troll leather arm |       |       |       |    45 ||    45
  Dodge: Dodged            |    19 |    32 |   105 |   149 ||   305
